 Dungeon Crawl Stone Soup version 0.20.0-15-g7f486f2 (webtiles) character file.

277 Chiseanne the Magician (level 6, 31/41 HPs)
             Began as a Demonspawn Wizard on June 13, 2017.
             Quit the game on level 4 of the Dungeon.
             The game lasted 00:07:48 (4679 turns).

Chiseanne the Magician (Demonspawn Wizard)          Turns: 4679, Time: 00:07:48

Health: 31/41      AC:  4    Str:  8    XL:     6   Next: 4%
Magic:  3/13       EV: 12    Int: 21    God:
Gold:   162        SH:  0    Dex: 11    Spells: 5/14 levels left

rFire    . . .     SeeInvis .   g - +1 mace
rCold    + . .     Gourm    .   (no shield)
rNeg     . . .     Faith    .   a - +0 robe
rPois    .         Spirit   .   b - +0 hat
rElec    .         Reflect  .   (no cloak)
rCorr    .         Harm     .   (no gloves)
MR       .....                  (no boots)
Stlth    ++........             (no amulet)
Regen    0.2/turn               (no ring)
MPRegen  0.2/turn               (no ring)

@: mildly poisoned (31 -> 26)
A: antennae 1, slimy green scales 1, cold resistance 1
a: no special abilities


You were on level 4 of the Dungeon.
You were not hungry.

You visited 1 branch of the dungeon, and saw 4 of its levels.

You collected 162 gold pieces.

Inventory:

Hand Weapons
 g - a +1 mace (weapon)
Missiles
 l - 43 arrows
 o - 51 bolts
Armour
 a - a +0 robe (worn)
 b - a +0 hat (worn)
 n - +0 gold dragon scales
Scrolls
 i - a scroll of teleportation
Potions
 c - a potion of agility {unknown}
 e - a potion of heal wounds
 f - a potion of magic {unknown}
Comestibles
 d - 5 bread rations
 h - a royal jelly
 r - 2 meat rations


   Skills:
 - Level 1.7 Dodging
 - Level 1.7 Stealth
 * Level 4.9 Spellcasting
 * Level 4.3 Conjurations
   Level 1.0 Summonings
 - Level 0.8 Translocations


You had 5 spell levels left.
You knew the following spells:

 Your Spells              Type           Power        Failure   Level  Hunger
a - Magic Dart            Conj           ###.         1%          1    None
b - Blink                 Tloc           N/A          12%         2    None
c - Conjure Flame         Conj/Fire      ##......     14%         3    ##.....
d - Mephitic Cloud        Conj/Pois/Air  ##......     19%         3    ##.....


Dungeon Overview and Level Annotations

Branches:
Dungeon (4/15)
 Temple: D:4-7

Altars:


Innate Abilities, Weirdness & Mutations

You have a pair of small antennae on your head.
You are partially covered in slimy green scales. (AC +2)
Your flesh is cold resistant. (rC+)


Message History

Aiming: Magic Dart
Press: ? - help, Shift-Dir - straight line, f/p - worker ant
Aim: a worker ant (severely wounded)
The magic dart hits the worker ant.
The worker ant is almost dead.
You feel sick. The worker ant closely misses you.
Casting: Magic Dart
Confirm with . or Enter, or press ? or * to list all spells.
Aiming: Magic Dart
Press: ? - help, Shift-Dir - straight line, f/p - worker ant
Aim: a worker ant (almost dead)
The magic dart hits the worker ant.
You kill the worker ant!
You have reached level 6!
Your experience leads to an increase in your attributes!
Increase (S)trength, (I)ntelligence, or (D)exterity?
You feel clever.
Your demonic ancestry asserts itself...
A pair of antennae grows on your head!
You feel sick.
Are you sure you want to abandon this character and quit the game? (Confirm with "yes".)

#.# #.# #.#
#.#
####.######
#.#
#.........#
#.#
#.........#
#.#
#.........#
#.#
#.........#
#.#
#.........#
#.#
#...@.....#
#.#
#.........#
#.#
#.........#
#.#
####.######
#.# #.# #.#
... #.# .(.
#.# ... #.#
#.#


There were no monsters in sight!

Vanquished Creatures
  A scorpion (D:4)
  A centaur skeleton (D:3)
  Terence (D:3)
  2 worker ants (D:4)
  2 adders
  2 oozes
  An adder skeleton (D:4)
  A dart slug (D:2)
  2 leopard geckos
  An orc (D:3)
  7 giant cockroaches
  7 goblins
  10 hobgoblins
  18 jackals
  3 quokkas
  A ball python (D:3)
  8 bats
  3 frilled lizards
  7 kobolds
  10 rats
88 creatures vanquished.

Notes
Turn   | Place    | Note
-------+----------+-------------------------------------------
     0 | D:1      | Chiseanne the Demonspawn Wizard began the quest for the Orb.
     0 | D:1      | Reached XP level 1. HP: 13/13 MP: 4/4
   293 | D:1      | Gained mutation: Your flesh is cold resistant. (rC+) [demonic ancestry]
   293 | D:1      | Reached XP level 2. HP: 19/19 MP: 0/6
   953 | D:2      | Reached XP level 3. HP: 24/24 MP: 4/8
  2071 | D:2      | Reached XP level 4. HP: 30/30 MP: 5/9
  2664 | D:3      | Learned a level 2 spell: Blink
  2668 | D:3      | Learned a level 3 spell: Conjure Flame
  2672 | D:3      | Learned a level 3 spell: Mephitic Cloud
  2824 | D:3      | Noticed a phantom
  2980 | D:3      | Noticed Terence
  3696 | D:3      | Gained mutation: You are partially covered in slimy green scales. (AC +2) [demonic ancestry]
  3696 | D:3      | Reached XP level 5. HP: 23/35 MP: 3/11
  3871 | D:3      | Killed Terence
  4678 | D:4      | Gained mutation: You have a pair of small antennae on your head. [demonic ancestry]
  4678 | D:4      | Reached XP level 6. HP: 31/41 MP: 2/13
  4679 | D:4      | Quit the game

Skill      XL: |  1  2  3  4  5 |
---------------+----------------+-----
Conjurations   | 2 3 4 |  4.3
Spellcasting   | 4 |  4.9
Dodging        | |  1.7
Stealth        | |  1.7
Summonings     | |  1.0
Translocations | |  0.8

Action                   |  1- 3 |  4- 6 || total
-------------------------+-------+-------++-------
Melee: Mace              |    26 |    21 ||    47
Throw: Tomahawk          |       |     2 ||     2
 Cast: Magic Dart        |   115 |   146 ||   261
       Conjure Flame     |       |     3 ||     3
       Mephitic Cloud    |       |     1 ||     1
  Use: Scroll            |     4 |     5 ||     9
       Potion            |       |     5 ||     5
 Stab: Confused          |       |     1 ||     1
  Eat: Chunk             |     3 |     7 ||    10
       Royal jelly       |       |     1 ||     1
Armor: Robe              |     6 |     8 ||    14
Dodge: Dodged            |    36 |    38 ||    74
